 Dungeon Crawl Stone Soup version 0.29-a0-222-g5b244fca1f (webtiles) character file.

Game seed: 4347731963177859409

182386 drugrobin the Severer (level 17, -7/160 HPs)
             Began as a Demigod Fighter on Feb 27, 2022.
             Shot with a bolt by a naga sharpshooter (11 damage)
             ... on level 4 of the Snake Pit.
             The game lasted 03:07:56 (70574 turns).

drugrobin the Severer (Demigod Fighter)            Turns: 70574, Time: 03:07:57

Health: -7/160     AC: 25    Str: 35    XL:     17   Next: 13%
Magic:  23/23      EV: 12    Int: 18    God:
Gold:   1084       SH:  5    Dex: 16    Spells: 19/19 levels left

rFire   . . .      SeeInvis .   v - +3 battleaxe of Corporal Punishment {flame, rElec rPois rF- rC+}
rCold   + . .      Faith    .   (shield currently unavailable)
rNeg    . . .      Spirit   .   y - +2 storm dragon scales {Bai Suzhen}
rPois   +          Reflect  +   x - +2 helmet
rElec   +          Harm     .   T - +1 cloak {Stlth+}
rCorr   .          Rampage  .   Y - +0 pair of gloves {hurl}
Will    .....                   m - +0 pair of boots
Stlth   ..........              C - amulet of Woadd {Reflect rElec Will- Dex+3 SH+5}
HPRegen 0.36/turn               k - ring of protection from fire
MPRegen 0.18/turn               S - +6 ring of strength

@: lethally poisoned (-7 -> -12), weakened
A: high MP 1, forlorn, divine attributes
a: no special abilities


You were on level 4 of the Snake Pit.
You visited 4 branches of the dungeon, and saw 27 of its levels.
You also visited: Gauntlet.

You collected 3174 gold pieces.
You spent 2090 gold pieces at shops.

Inventory:

Hand Weapons
 a - a +2 vampiric war axe
 c - a +3 war axe of venom
 j - a +1 antimagic hand axe
 o - a +1 broad axe of distortion
 v - the +3 battleaxe of Corporal Punishment (weapon) {flame, rElec rPois rF- rC+}
   (You took it off a naga mage on level 4 of the Snake Pit)

   It burns those it strikes, dealing additional fire damage.
   Big, fiery blades are also staple armaments of hydra-hunters.
   rF:        It makes you vulnerable to fire.
   rC:        It protects you from cold.
   rElec:     It insulates you from electricity.
   rPois:     It protects you from poison.
Missiles
 g - 3 curare-tipped darts
 l - 4 silver javelins (quivered)
Armour
 m - a +0 pair of boots (worn)
 x - a +2 helmet (worn)
 y - +2 storm dragon scales (worn) {Bai Suzhen}
 B - a +0 kite shield
 T - a +1 cloak of stealth (worn)
 V - +2 ice dragon scales
 Y - a +0 pair of gloves of hurling (worn)
Jewellery
 b - a +4 ring of evasion
 e - an amulet of guardian spirit
 f - a ring of protection from fire
 k - a ring of protection from fire (left hand)
 u - a ring of fire
 C - the amulet of Woadd (around neck) {Reflect rElec Will- Dex+3 SH+5}
   (You found it in a Gauntlet)

   [amulet of reflection]

   It reflects blocked missile attacks.
   Dex:       It affects your dexterity (+3).
   rElec:     It insulates you from electricity.
   SH:        It affects your SH (+5).
   Will:      It decreases your willpower.
 E - a ring of resist corrosion
 S - a +6 ring of strength (right hand)
Wands
 s - a wand of charming (1)
 A - a wand of acid (5)
 F - a wand of polymorph (10)
 H - a wand of paralysis (11)
 L - a wand of digging (15)
 M - a wand of flame (16)
 O - a wand of iceblast (13)
 Q - a wand of mindburst (6)
Scrolls
 h - a scroll of enchant armour
 i - 10 scrolls of teleportation
 n - 7 scrolls of identify
 t - a scroll of vulnerability
 w - 4 scrolls of silence
 J - 3 scrolls of fear
 N - 3 scrolls of fog
 W - 3 scrolls of blinking
Potions
 d - 3 potions of might
 q - 5 potions of heal wounds
 r - 4 potions of curing
 z - 3 potions of resistance
 D - 4 potions of attraction
 G - a potion of ambrosia
 K - a potion of berserk rage
 P - 4 potions of magic
 U - 2 potions of haste
Miscellaneous
 p - a phantom mirror
 R - a tin of tremorstones (2/2)
 X - a condenser vane
 Z - a phial of floods


   Skills:
 + Level 16.9 Fighting
 + Level 18.3 Axes
 - Level 10.7 Armour
 + Level 4.7 Dodging
 - Level 10.8 Shields
 - Level 1.6 Spellcasting
 - Level 9.0 Evocations


You had 19 spell levels left.
You didn't know any spells.
Your spell library contained the following spells:

 Spells                   Type           Power      Damage    Failure   Level
 Beastly Appendage        Tmut           2%         N/A       52%         1
 Freeze                   Ice            4%         1d3       52%         1
 Shock                    Conj/Air       4%         1d3       52%         1
 Corpse Rot               Necr/Air       2%         N/A       67%         2
 Sublimation of Blood     Necr           1%         N/A       67%         2
 Wereblood                Tmut           1%         N/A       67%         2
 Frozen Ramparts          Ice            2%         1d2       88%         3
 Ignite Poison            Fire/Tmut/Pois 1%         N/A       88%         3
 Mephitic Cloud           Conj/Pois/Air  1%         N/A       88%         3
 Spider Form              Tmut/Pois      1%         N/A       88%         3
 Swiftness                Air            1%         N/A       88%         3
 Airstrike                Air            0%         N/A       99%         4
 Hailstorm                Conj/Ice       1%         3d3       99%         4
 Ice Form                 Ice/Tmut       1%         N/A       99%         4
 Petrify                  Tmut/Erth      1%         N/A       99%         4
 Summon Ice Beast         Ice/Summ       1%         N/A       99%         4
 Summon Lightning Spire   Summ/Air       1%         N/A       99%         4
 Agony                    Necr           1%         N/A       100%        5
 Borgnjor's Vile Clutch   Necr/Erth      0%         N/A       100%        5
 Excruciating Wounds      Necr           0%         N/A       100%        5
 Freezing Cloud           Conj/Ice/Air   0%         6-21      100%        5
 Irradiate                Conj/Tmut      0%         3d13      100%        5
 Lightning Bolt           Conj/Air       0%         1d11      100%        5
 Summon Forest            Summ/Tloc      0%         N/A       100%        5
 Summon Mana Viper        Hex/Summ       1%         N/A       100%        5
 Simulacrum               Ice/Necr       0%         N/A       100%        6
 Summon Cactus Giant      Summ           0%         N/A       100%        6
 Summon Hydra             Summ           0%         N/A       100%        7
 Borgnjor's Revivificati  Necr           0%         N/A       100%        8
 Polar Vortex             Ice            0%         N/A       100%        9


Dungeon Overview and Level Annotations

Branches:
Dungeon (15/15)            Temple (0/1) D:4            Lair (6/6) D:9
  Swamp (0/4) Lair:3        Snake (4/4) Lair:3        Slime (0/5) Lair:5
    Orc (2/2) D:12            Elf (0/3) Orc:2        Vaults (0/5) D:14
 Depths (0/4) D:15        Gauntlet (visited)

Shops:
D:11 ?   Orc:2 (*[=   Snake:2 *(:   Snake:3 (   Snake:4 *!=*

Annotations:
D:2 exclusion: 4 doors
D:3 1 runed translucent door, Crazy Yiuf
D:9 Maggie
Lair:2 exclusion: upstairs
Lair:3 Asterion
Lair:5 1 runed translucent door


Innate Abilities, Weirdness & Mutations

You have an increased reservoir of magic. (+10% MP)
You shall have no god before yourself.
Your divine heritage dramatically boosts your attributes as you level up.


Message History

The naga mage spits poison at you.
The splash of poison reflects off an invisible shield around you!
The splash of poison hits the naga mage but does no damage.
The naga mage casts a spell at you.
The bolt of poison hits you but does no damage.
You resist.
Unknown command.
Unknown command.
A naga sharpshooter comes into view. It is wielding a +0 short sword.
You feel very sick.
The naga sharpshooter shouts!
The naga sharpshooter unwields a +0 short sword.
The naga sharpshooter wields a +0 arbalest.
The naga sharpshooter gestures wildly while chanting.
The naga sharpshooter magically shoots a bolt.
The bolt hits you!!
* * * LOW HITPOINT WARNING * * *
Unknown command.
Unknown command.
Unknown command.
Unknown command.
Unknown command.
Unknown command.
Unknown command.
Unknown command.
Unknown command.
Unknown command.
Unknown command.
You feel sick.
The naga sharpshooter shoots a bolt.
The bolt hits you!
* * * LOW HITPOINT WARNING * * *
There is an escape hatch in the ceiling, spattered with blood here.
Unknown command.
Unknown command.
Unknown command.
Unknown command.
Unknown command.
Unknown command.
* * * LOW HITPOINT WARNING * * *
You feel sick.
The naga sharpshooter shoots a bolt.
The bolt hits you!
You die...

#..##.....# ### .........
......###.## #.# ## .########
.....## #..####.###.## ########
.....## ##...........##N #⌠......
##....## #.............. #.......
###...###.....#.....#####...####
###...#....###....#####[..#####
#.#......###......##8.....##∩..
####....#.......@...##.......#...
#........##...#.....##..≈≈......≈
######.#)##..).[....##..≈≈..†...≈
# #..###.#..)##.)..##......#....
###.......<.[...).##∩....∩##...
###.#.#..#...)......##########^..
.d....#.#...........≈########...#
##......#..##.......≈N..........#
...........#..#..#.....[.......⌠#


You could see a naga sharpshooter and a naga mage (fast).

Vanquished Creatures
  Bai Suzhen (Snake:4)
  Vashnia (Snake:2)
  Nikola (Snake:3)
  3 nagarajas
  Louise (D:14)
  A stone giant (Orc:1)
  Azrael (Orc:2)
  2 dire elephants
  A minotaur (Gauntlet)
  3 ettins
  Fannar (Orc:1)
  12 naga warriors
  2 ice dragons (D:15)
  The ghost of Pooter the Quickloader, a journeyman MiHu of Okawaru (Orc:1)
  4 vault guards (D:14)
  A salamander tyrant (Snake:3)
  12 anacondas
  12 hydras
  A catoblepas (Lair:2)
  7 boulder beetles
  8 centaur warriors
  A tengu warrior (D:15)
  10 death yaks
  14 naga sharpshooters
  2 orc high priests
  4 shock serpents
  5 skeletal warriors (D:13)
  Sonja (Orc:2)
  8 salamander mystics
  10 naga ritualists
  2 wizards (D:14)
  4 orc knights (D:12)
  6 mana vipers
  3 orc sorcerers
  A deep elf pyromancer (D:13)
  7 ugly things
  A wolf spider (Lair:5)
  A wolf spider (shapeshifter) (Gauntlet)
  18 salamanders
  10 cyclopes
  6 manticores
  10 elephants
  An elephant (shapeshifter) (Gauntlet)
  34 black mambas
  2 guardian serpents (Snake:4)
  23 naga magi
  A torpor snail (Lair:3)
  3 gargoyles
  3 unseen horrors
  15 cane toads
  2 rime drakes
  12 komodo dragons
  A freezing wraith (D:15)
  3 efreet
  A tengu conjurer (D:12)
  A yaktaur (D:12)
  A queen bee (shapeshifter) (Gauntlet)
  15 polar bears
  4 trolls
  A wind drake (shapeshifter) (Gauntlet)
  12 slime creatures (D:12)
  A hornet (D:8)
  37 blink frogs
  7 dream sheep
  2 raiju (Lair:6)
  A shadow (D:12)
  3 wyverns (Lair:6)
  A vampire (D:13)
  11 flying skulls (Gauntlet)
  4 wraiths
  4 basilisks
  4 water elementals (D:15)
  63 yaks
  A steam dragon (D:7)
  10 vampire mosquitoes
  3 fire elementals
  6 wargs
  Menkaure (D:5)
  39 nagas
  22 water moccasins
  2 acid dragons
  17 hell hounds
  A floating eye (D:8)
  2 ice beasts
  A black bear (shapeshifter) (D:13)
  2 necrophages
  17 orc warriors
  2 sky beasts
  13 black bears
  6 ogres
  4 boggarts (D:15)
  23 wolves
  A tengu (D:9)
  2 phantoms
  13 centaurs
  14 bullfrogs
  A gnoll sergeant (D:8)
  4 scorpions
  11 killer bees
  9 wights
  An electric eel (Lair:2)
  A howler monkey (D:3)
  11 orc priests
  2 hounds (D:4)
  4 jellies
  6 iguanas
  16 orc wizards
  4 gnolls (D:8)
  7 adders
  2 white imps
  3 worms
  A dart slug (D:5)
  44 orcs
  4 endoplasms
  6 giant cockroaches
  8 goblins
  5 hobgoblins
  4 quokkas
  3 ball pythons
  2 bats
  4 frilled lizards
  9 kobolds
  9 rats
856 creatures vanquished.

Vanquished Creatures (others)
  3 black mambas (Snake:3)
  A boggart (D:15)
  A killer bee (D:9)
  An orc (D:9)
  90 fungi
  137 plants
233 creatures vanquished.

Grand Total: 1089 creatures vanquished

Notes
Turn   | Place    | Note
-------+----------+-------------------------------------------
     0 | D:1      | drugrobin the Demigod Fighter began the quest for the Orb.
     0 | D:1      | Reached XP level 1. HP: 18/18 MP: 3/3
    74 | D:1      | Reached skill level 2 in Axes
   481 | D:1      | Reached XP level 2. HP: 20/25 MP: 4/4
   874 | D:1      | Reached skill level 3 in Axes
  1656 | D:2      | Noticed a scorpion
  1762 | D:2      | Reached XP level 3. HP: 28/30 MP: 5/5
  2367 | D:3      | Noticed a scorpion
  2377 | D:3      | Killed a scorpion
  2378 | D:3      | Reached skill level 4 in Axes
  2378 | D:3      | Reached XP level 4. HP: 37/37 MP: 6/6
  3147 | D:3      | Reached skill level 5 in Axes
  3147 | D:3      | Reached XP level 5. HP: 34/42 MP: 7/7
  3411 | D:3      | Found a runed translucent door.
  3412 | D:3      | Noticed Crazy Yiuf
  3589 | D:4      | Noticed Sigmund
  3681 | D:4      | Noticed Sigmund
  3681 | D:4      | Sigmund changed into Sigmund the orc
  3690 | D:4      | Killed Sigmund the orc
  3755 | D:4      | Found a staircase to the Ecumenical Temple.
  4158 | D:4      | Reached skill level 6 in Axes
  4217 | D:4      | Reached XP level 6. HP: 50/50 MP: 8/8
  4853 | D:5      | Entered Level 5 of the Dungeon
  5028 | D:5      | Reached skill level 7 in Axes
  5040 | D:5      | Reached XP level 7. HP: 45/56 MP: 9/9
  5363 | D:5      | Reached skill level 8 in Axes
  5914 | D:5      | Noticed Menkaure
  5937 | D:5      | Killed Menkaure
  6731 | D:6      | Noticed a two-headed ogre
  6996 | D:6      | Reached skill level 9 in Axes
  7078 | D:6      | Reached XP level 8. HP: 48/62 MP: 10/10
  8352 | D:6      | HP: 3/65 [poisoned by a killer bee]
  8355 | D:6      | HP: 1/65 [poisoned by a killer bee]
  8720 | D:7      | Reached skill level 10 in Axes
  9025 | D:7      | Reached skill level 5 in Fighting
  9336 | D:7      | Reached XP level 9. HP: 46/74 MP: 11/11
 10450 | D:8      | Reached skill level 11 in Axes
 10642 | D:8      | Noticed a deep elf pyromancer
 11054 | D:9      | Found a staircase to the Lair.
 11123 | D:9      | Noticed Maggie
 11687 | D:9      | You fall into a shaft and drop 2 floors!
 11774 | D:10     | Entered Level 10 of the Dungeon
 11934 | D:10     | Noticed a centaur warrior
 11950 | D:10     | Killed a centaur warrior
 12400 | D:9      | Reached XP level 10. HP: 63/86 MP: 13/13
 12628 | D:9      | Reached skill level 5 in Shields
 13624 | D:8      | a deep elf pyromancer changed into a floating eye
 13628 | D:8      | Paralysed by a floating eye for 4 turns
 14522 | D:11     | Reached skill level 12 in Axes
 15152 | D:11     | Found Rus Quome's Magic Scroll Emporium.
 15176 | D:11     | Bought a scroll of identify for 32 gold pieces
 15176 | D:11     | Bought a scroll of blinking for 120 gold pieces
 15176 | D:11     | Bought a scroll of identify for 32 gold pieces
 15176 | D:11     | Bought a scroll of identify for 32 gold pieces
 15213 | D:11     | Noticed a manticore
 15367 | D:11     | Killed a manticore
 15847 | D:11     | Reached skill level 1 in Evocations
 15868 | D:11     | Reached XP level 11. HP: 71/97 MP: 14/14
 16081 | Lair:1   | Entered Level 1 of the Lair of Beasts
 17130 | Lair:1   | Noticed a four-headed hydra
 17226 | Lair:1   | Killed a four-headed hydra
 18330 | Lair:2   | Reached skill level 13 in Axes
 18553 | Lair:2   | Noticed a catoblepas
 18576 | Lair:2   | Killed a catoblepas
 18577 | Lair:2   | Reached skill level 10 in Fighting
 19043 | Lair:2   | Reached skill level 5 in Evocations
 20010 | Lair:2   | Noticed a five-headed hydra
 20078 | Lair:2   | Noticed a seven-headed hydra
 20842 | Lair:2   | Noticed a death yak
 20867 | Lair:2   | Killed a death yak
 20868 | Lair:2   | Reached XP level 12. HP: 65/108 MP: 15/15
 22605 | Lair:3   | Noticed Snorg
 22614 | Lair:3   | Noticed Snorg
 22614 | Lair:3   | Snorg changed into Snorg the hornet
 22615 | Lair:3   | Noticed Snorg
 22615 | Lair:3   | Snorg the hornet changed into Snorg the acid dragon
 22621 | Lair:3   | Killed Snorg the acid dragon
 22757 | Lair:3   | Found a staircase to the Swamp.
 22874 | Lair:3   | Found a staircase to the Snake Pit.
 24134 | Lair:3   | Noticed an eight-headed hydra
 24408 | Lair:3   | HP: 4/110 [torpor snail (13)]
 24415 | Lair:3   | Reached skill level 14 in Axes
 24419 | Lair:3   | HP: 1/110 [yak[a torpor snail] (12)]
 26079 | Lair:4   | Reached XP level 13. HP: 111/116 MP: 16/16
 26099 | Lair:4   | Reached skill level 5 in Armour
 27113 | Lair:5   | Identified the +10 dagger of Lunogoro {elec, Will+ Str+2
                  | Int+2}
 27203 | Lair:5   | Found a gate leading to a gauntlet.
 27398 | Lair:5   | HP: 4/117 [polar bear (18)]
 27469 | Gauntlet | Entered a Gauntlet
 27469 | Gauntlet | Found a transporter.
 27469 | Gauntlet | Found a transporter.
 27469 | Gauntlet | Found a transporter.
 27470 | Gauntlet | Found a transporter.
 27818 | Gauntlet | Found a transporter.
 27820 | Gauntlet | Found a transporter.
 27828 | Gauntlet | Found a transporter.
 27832 | Gauntlet | Found a transporter.
 27834 | Gauntlet | Noticed an entropy weaver
 27844 | Gauntlet | Found a transporter.
 27945 | Gauntlet | Found a transporter.
 27950 | Gauntlet | Found a transporter.
 27959 | Gauntlet | Found a transporter.
 28257 | Gauntlet | Identified the amulet of Woadd {Reflect rElec Will- Dex+3
                  | SH+5}
 28359 | Gauntlet | Identified the +0 hat of Acrust {Dex+4}
 28496 | Gauntlet | Identified the +8 dire flail "Owifof" {vorpal, rPois Dex+3}
 28496 | Gauntlet | Noticed a minotaur
 28517 | Gauntlet | HP: 8/175 [minotaur/the +8 dire flail "Owifof" {vorpal,
                  | rPois Dex+3} (5)]
 28519 | Gauntlet | Killed a minotaur
 28848 | Gauntlet | Identified the +2 robe of Happiness {Archmagi}
 28849 | Gauntlet | Got Ottokish's Volume of Dark Magic
 28856 | Gauntlet | Got the Grimoire of Dark Arts
 30871 | Lair:5   | Found a runed translucent door.
 30871 | Lair:5   | Noticed an acid blob
 30872 | Lair:5   | Noticed an acid blob
 30873 | Lair:5   | Found a staircase to the Slime Pits.
 31620 | Lair:5   | Reached skill level 15 in Axes
 31625 | Lair:5   | Noticed a dire elephant
 31626 | Lair:5   | Identified the +1 scale mail of Compression {Harm rN+ rCorr
                  | Int-2}
 31642 | Lair:5   | Killed a dire elephant
 32093 | Lair:6   | Entered Level 6 of the Lair of Beasts
 32407 | Lair:6   | Reached XP level 14. HP: 107/127 MP: 17/17
 38126 | D:12     | Identified the +1 ring mail of the Slug {rPois rF+ Str-5
                  | Dex+2}
 38983 | D:13     | Reached skill level 16 in Axes
 40369 | D:14     | Noticed Louise
 40480 | D:14     | Reached XP level 15. HP: 92/138 MP: 13/18
 41455 | D:12     | Found a staircase to the Orcish Mines.
 41487 | Orc:1    | Entered Level 1 of the Orcish Mines
 41626 | D:12     | Reached skill level 10 in Armour
 41779 | Orc:1    | Paralysed by an orc sorcerer for 7 turns
 41789 | D:12     | Paralysed by an orc sorcerer for 5 turns
 42161 | Orc:1    | Noticed Fannar
 42214 | Orc:1    | Killed Fannar
 42344 | Orc:1    | Found a runed translucent gate.
 42345 | Orc:1    | Found a runed translucent gate.
 42345 | Orc:1    | Identified the +0 plate armour "Tuefuu" {rF+}
 42346 | Orc:1    | Found a runed translucent gate.
 42347 | Orc:1    | Noticed Pooter's ghost (journeyman MiHu)
 43486 | Orc:1    | Killed Pooter's ghost
 43697 | Orc:2    | Entered Level 2 of the Orcish Mines
 43816 | Orc:2    | Found Fyhocig's Antique Weapon Shop.
 44120 | Orc:2    | Noticed Azrael
 44501 | Orc:2    | Killed Azrael
 45000 | Orc:2    | Noticed Sonja
 45013 | Orc:2    | Killed Sonja
 45803 | Orc:2    | Found Igereul's Antique Armour Boutique.
 45816 | Orc:2    | Found Uzaipnum's Jewellery Boutique.
 45909 | Orc:2    | Found Xyc Oll's General Store.
 45917 | Orc:2    | Bought a +1 cloak of stealth for 214 gold pieces
 45949 | Orc:2    | Found a staircase to the Elven Halls.
 46436 | D:14     | Killed Louise
 46814 | D:14     | Found a gate to the Vaults.
 48186 | D:15     | Entered Level 15 of the Dungeon
 48563 | D:15     | Reached skill level 17 in Axes
 49270 | D:15     | Reached skill level 15 in Fighting
 49276 | D:15     | Found a staircase to the Depths.
 49310 | D:15     | Identified a scroll of acquirement
 49311 | D:15     | Acquired a +1 executioner's axe of electrocution
 49946 | Snake:1  | Entered Level 1 of the Snake Pit
 50781 | Snake:1  | Reached skill level 1 in Spellcasting
 51986 | Snake:2  | Reached XP level 16. HP: 149/149 MP: 22/22
 52029 | Snake:2  | Noticed Vashnia
 53057 | Snake:2  | Killed Vashnia
 53518 | Snake:2  | Noticed Asterion
 53526 | Snake:2  | Noticed an Executioner
 54143 | Snake:1  | Noticed an Executioner
 55201 | Snake:1  | HP: 6/149 [constriction (3)]
 59251 | Snake:2  | Identified the +3 hand axe of Bemad {freeze, rF+ rCorr
                  | Stlth+}
 59252 | Snake:2  | oh don't worry, I'm already mad
 59490 | Snake:2  | Found Zanleede's Book Shoppe.
 59494 | Snake:2  | Found Buppit's Antique Weapon Emporium.
 59495 | Snake:2  | Found Paxt's General Store.
 59500 | Snake:2  | Bought a runed broad axe for 238 gold pieces
 59502 | Snake:2  | Bought a scroll of teleportation for 51 gold pieces
 59502 | Snake:2  | Bought a phantom mirror for 680 gold pieces
 60323 | Snake:2  | Reached skill level 10 in Shields
 61169 | Snake:2  | HP: 5/151 [naga warrior/+0 scimitar (12)]
 61569 | Snake:2  | wtf
 63025 | Snake:3  | Noticed Nikola
 63074 | Snake:3  | Killed Nikola
 63566 | Snake:3  | Found Refan's Antique Weapon Shoppe.
 63578 | Snake:3  | Bought a runed war axe for 234 gold pieces
 64435 | Snake:3  | Reached skill level 18 in Axes
 64767 | Snake:4  | Entered Level 4 of the Snake Pit
 65079 | Snake:4  | Noticed Bai Suzhen
 65357 | Snake:4  | Identified the +3 battleaxe of Corporal Punishment {flame,
                  | rElec rPois rF- rC+}
 65531 | Snake:4  | Killed Bai Suzhen
 66246 | Snake:4  | Reached skill level 1 in Dodging
 67664 | Snake:4  | Found Qom Memn's Jewellery Shoppe.
 67664 | Snake:4  | Found Ciokij's Assorted Antiques.
 67676 | Snake:4  | Found Ceuckiytt's Distillery.
 67676 | Snake:4  | Found Buwniu's General Store.
 67681 | Snake:4  | Bought a potion of curing for 30 gold pieces
 67681 | Snake:4  | Bought a potion of heal wounds for 50 gold pieces
 67681 | Snake:4  | Bought a potion of ambrosia for 80 gold pieces
 67681 | Snake:4  | Bought 2 potions of heal wounds for 100 gold pieces
 67681 | Snake:4  | Bought a potion of berserk rage for 50 gold pieces
 67701 | Snake:4  | Bought a potion of curing for 63 gold pieces
 67701 | Snake:4  | Bought a potion of might for 84 gold pieces
 68902 | Snake:3  | HP: 7/152 [poisoned by a nagaraja (splash of poison)]
 69668 | Snake:4  | Reached XP level 17. HP: 115/160 MP: 23/23
 70573 | Snake:4  | HP: 6/160 [naga sharpshooter/bolt (7)]
 70574 | Snake:4  | Shot with a bolt by a naga sharpshooter

Illustrated notes ... .......... .........# ........... #..........### ##............### #...............# ..............<.# #........@.....# ##..............# #......^........#.# #...............#.# #.................. #....)............. #......[).......... ##................. #................. Turn 59252 on Snake:2: oh don't worry, I'm already mad

.## ##........ .# #############
##......... .#
####...........####.......... .#
##............................ .#
#............................. .#
#............................#
.###.........................####
..#............)...........### #
.............[>)@..........# #
...##..........)...........# ####
#..######..................###.##
....######..##..................#
......##....####.!............###
............# ##...........###.#
.....#####.## ##...............
##.### ### #..........###.# ###
##............###


Turn 61569 on Snake:2: wtf

Levels and vault maps discovered:
D:1:      dpeg_arrival_ratfight, layout_basic,
          ebering_ecumenical_altar_sacrificial, minmay_misc_feat_roman
D:2:      layout_loops_ring, minmay_fountain_box, grunt_ministairs_7,
          minmay_misc_feat_secret_circle, dk_noncrumbling_4
D:3:      layout_basic, minmay_misc_feat_enclosed, uniq_crazy_yiuf_cottage
D:4:      layout_rooms, trog_three_pillars_becter,
          minmay_temple_entry_gardened_gates, uniq_sigmund
D:5:      layout_cave_pools, mainiacjoe_overflow_24_doors, kennysheep_doodads,
          uniq_menkaure
D:6:      layout_loops_corners, slow_altar_1, tso_oasis_becter
D:7:      layout_rooms, overflow_temple_1_default, yredelemnul_altar_generic
D:8:      layout_loops_ring, jmf_multi_god_temple
D:9:      layout_loops_cross, mainiacjoe_overflow_alcove_2,
          mainiacjoe_overflow_brackets, uniq_maggie
D:10:     layout_grid_maze, grunt_temple_overflow_forces_of_nature,
          grunt_gozag_breadcrumbs, general_overflow_altar, uniq_maurice
D:11:     layout_loops_corners, serial_shops, shop_coins
D:12:     minmay_opposing_rooms, layout_loops_cross, orc_0_dummy, minmay_radiant
D:13:     layout_loops_cross
D:14:     layout_basic, lightli_vaults_fourway_checkpoint, chequers_mini_garden,
          uniq_louise
D:15:     grunt_enter_depths_hoard, layout_small_grid, minivault_26,
          nicolae_underground_beach
Lair:1:   layout_regular_city, lemuel_fruit_tree
Lair:2:   layout_regular_city, nicolae_quartered_pool_medium, nzn_random_ring
Lair:3:   layout_roguey, minmay_swamp_entry_reptiles,
          guppyfry_snake_entry_garden, uniq_snorg
Lair:4:   layout_regular_city, st_stairs_8, chequers_serial_rivers_micro_a,
          beast_lair_carwin_9
Lair:5:   nzn_winding_woodlands_large [nzn_winding_woodlands_5x5_checkerboard,
          nzn_winding_woodlands_5x15_garden,
          nzn_winding_woodlands_5x5_open_star,
          nzn_winding_woodlands_center_diamonds,
          nzn_winding_woodlands_15x15_five_gardens,
          nzn_winding_woodlands_center_lodge, nzn_winding_woodlands_5x5_cross,
          nzn_winding_woodlands_5x15_parted,
          nzn_winding_woodlands_5x5_closed_star], layout_loops_ring,
          slime_altar_2, gauntlet_entry_generic, minivault_19, st_stairs_13,
          minmay_holes
Lair:6:   hangedman_lair_caniforms_friends, layout_gridlike
Snake:1:  layout_rooms
Snake:2:  layout_layer_cave, special_room, minmay_shop_star, uniq_vashnia,
          uniq_asterion
Snake:3:  layout_chambers, serial_shops, nicolae_shop_overgrown_old_shop,
          uniq_nikola
Snake:4:  snake_pit, layout_layer_cave, st_stairs_7, grunt_ministairs_15,
          nicolae_snake_serpentine_bazaar, uniq_bai_suzhen
Orc:1:    layout_diamond_mine, biasface_ghost_orc_armoury, uniq_fannar
Orc:2:    grunt_orc_gardens, layout_caves, grunt_orc_garden, grunt_orc_garden,
          grunt_orc_garden, grunt_orc_garden, uniq_azrael, uniq_sonja

Skill      XL: |  1  2  3  4  5  6  7  8  9 10 11 12 13 14 15 16 17 |
---------------+----------------------------------------------------+-----
Axes           | 2 3 4 5 6 7 9 10 11 12 13 14 15 16 17 18 | 18.3
Fighting       | 5 7 9 10 11 12 14 15 16 | 16.9
Shields        | 4 6 7 9 10 | 10.8
Evocations     | 1 5 7 9 |  9.0
Armour         | 4 7 9 10 | 10.7
Spellcasting   | 1 |  1.6
Dodging        | 3 4 |  4.7

Action                   |  1- 3 |  4- 6 |  7- 9 | 10-12 | 13-15 | 16-18 || total
-------------------------+-------+-------+-------+-------+-------+-------++-------
Melee: War axe           |   131 |   107 |   298 |   827 |  2175 |   669 ||  4207
       Dagger            |       |       |    12 |    20 |   204 |       ||   236
       Hand axe          |       |       |       |    96 |     2 |       ||    98
       Battleaxe         |       |       |       |       |       |   193 ||   193
 Fire: Hunting sling     |       |     3 |       |     6 |     6 |       ||    15
Throw: Javelin           |     6 |    13 |    38 |    17 |    18 |     2 ||    94
       Dart              |     2 |     7 |    30 |     2 |     4 |     1 ||    46
Evoke: Wand              |       |     2 |    15 |    22 |     9 |     1 ||    49
       Condenser vane    |       |       |       |       |       |     1 ||     1
  Use: Potion            |       |       |     2 |     9 |     8 |    10 ||    29
       Scroll            |       |       |    14 |     6 |    15 |     5 ||    40
 Stab: Paralysed         |       |       |     8 |       |       |       ||     8
       Invisible         |       |       |       |       |     4 |       ||     4
Armor: Scale mail        |    55 |    40 |    54 |       |       |       ||   149
       Plate armour      |       |       |   136 |   541 |   223 |       ||   900
       Skin              |       |       |       |     1 |     1 |       ||     2
       Ice dragon scales |       |       |       |       |  1053 |   306 ||  1359
       Storm dragon scal |       |       |       |       |       |   120 ||   120
Dodge: Dodged            |    53 |    32 |    86 |   196 |   572 |   269 ||  1208
Block: Buckler           |    27 |    25 |    41 |       |       |       ||    93
       Kite shield       |       |       |    61 |   395 |  1530 |   680 ||  2666
       Reflection        |       |       |       |       |    31 |   161 ||   192
       Tower shield      |       |       |       |       |    57 |       ||    57
       Other             |       |       |       |       |       |    33 ||    33

Table legend: (Time is in decaauts)
 A = Elapsed time spent in this place.
 B = Non-inter-level travel time spent in this place.
 C = Inter-level travel time spent in this place.
 D = Time resting spent in this place.
 E = Time spent auto-exploring this place.
 F = Levels seen in this place.
 G = Mean time per level.
                   A        B        C        D        E       F      G
               +--------+--------+--------+--------+--------+-----+--------+
         Total |  70742 |  67745 |   2997 |  32016 |  20168 |  28 | 2526.5 |
       Dungeon |  26599 |  24914 |   1685 |   8878 |  10274 |  15 | 1773.3 |
          Lair |  19609 |  18692 |    917 |   7971 |   5609 |   6 | 3268.2 |
     Snake Pit |  19829 |  19608 |    221 |  13641 |   2878 |   4 | 4957.2 |
  Orcish Mines |   3305 |   3133 |    172 |    757 |   1257 |   2 | 1652.5 |
      Gauntlet |   1398 |   1398 |      0 |    767 |    150 |   1 | 1398.0 |
               +--------+--------+--------+--------+--------+-----+--------+

Top non-repeatable levels by time:
 Snake:1: 7450 daAuts
 Snake:3: 5526 daAuts
  Lair:3: 4458 daAuts
 Snake:2: 4170 daAuts
    D:12: 4064 daAuts
  Lair:5: 3719 daAuts
  Lair:2: 3482 daAuts
  Lair:6: 3014 daAuts
 Snake:4: 2682 daAuts
  Lair:4: 2586 daAuts
    D:13: 2376 daAuts
  Lair:1: 2348 daAuts
     D:9: 2248 daAuts
     D:6: 2192 daAuts
     D:8: 2181 daAuts
